 Dungeon Crawl Stone Soup version 0.30-a0-757-ga6a79fd877 (webtiles) character file.

Game seed: 16486924058763270036

82 retardedninja the Sneak (level 4, -2/30 HPs)
             Began as an Octopode Brigand on Feb 9, 2023.
             Killed from afar by an orc wizard (10 damage)
             ... with a magic dart
             ... on level 3 of the Dungeon.
             The game lasted 00:02:29 (1889 turns).

retardedninja the Sneak (Octopode Brigand)          Turns: 1889, Time: 00:02:30

Health: -2/30      AC:  1    Str: 12    XL:     4   Next: 43%
Magic:  4/4        EV:  8    Int: 13    God:
Gold:   177        SH: 10    Dex: 13    Spells: 3/3 levels left

rFire   . . .      SeeInvis .    m - +0 flail
rCold   . . .      Faith    .    g - +0 tower shield
rNeg    . . .      Spirit   .    (helmet restricted)
rPois   .          Reflect  .    (no amulet)
rElec   .          Harm     .    (no ring)
rCorr   .          Rampage  .    (no ring)
Will    .....                    (no ring)
Stlth   ++++                     (no ring)
HPRegen 0.25/turn                (no ring)
MPRegen 0.09/turn                (no ring)
                                 (no ring)
                                 (no ring)

@: no status effects
A: almost no armour, amphibious, 8 rings, camouflage 1, gelatinous body 1,
(nimble swimmer 1), tentacles
a: no special abilities


You were on level 3 of the Dungeon.
You visited 1 branch of the dungeon, and saw 3 of its levels.

You collected 177 gold pieces.

Inventory:

Hand Weapons
 m - a +0 flail (weapon)
Missiles
 b - 13 poisoned darts (quivered)
 c - 3 curare-tipped darts
Armour
 g - a +0 tower shield (worn)
Jewellery
 j - a ring of wizardry
Scrolls
 d - 4 scrolls of identify {unknown}
 e - 2 scrolls of vulnerability {unknown}
 f - 2 scrolls of immolation {unknown}
 h - a scroll of magic mapping {unknown}
 k - a scroll of fog {unknown}
 l - a scroll of amnesia {unknown}
 n - 2 scrolls of poison {unknown}
Potions
 a - 2 potions of invisibility {unknown}
 i - a potion of heal wounds {unknown}
 o - 2 potions of might {unknown}


   Skills:
 + Level 2.6 Fighting
 - Level 2.4 Short Blades
 + Level 0.4 Maces & Flails
 + Level 2.7 Throwing
 + Level 1.9 Dodging
 + Level 5.9 Stealth


You had 3 spell levels left.
You didn't know any spells.
Your spell library contained the following spells:

 Spells                   Type           Power      Damage    Failure   Level
 Blink                    Tloc           0%         N/A       100%        2
 Lesser Beckoning         Tloc           0%         N/A       100%        2
 Momentum Strike          Conj/Tloc      0%         3d8       100%        2


Dungeon Overview and Level Annotations

Branches:
Dungeon (3/15)

Altars:
Vehumet

Shops:
D:1 [**(


Innate Abilities, Weirdness & Mutations

You cannot wear most types of armour.
You are amphibious.
You can wear up to eight rings at the same time.
Your skin changes colour to match your surroundings (Stealth+).
Your rubbery body absorbs attacks. (AC +1, EV +1)
((You are camouflaged when in or above water. (Stealth+)))
You have tentacles for arms and can constrict up to eight enemies at once.


Message History

An orc wizard and 2 orcs come into view.
An orc is wielding a +1 hand axe of electrocution.
The orc shouts!
The orc wizard shouts!
A goblin comes into view. It is wielding a +0 dagger.
There are monsters nearby!
There are monsters nearby!
The goblin shouts!
You hit the orc wizard. You grab the orc wizard.
The orc wizard is moderately wounded.
You constrict the orc wizard. The orc wizard barely misses you. x2
The orc hits you with a +0 club.
You hit the orc wizard but do no damage.
The orc wizard is moderately wounded.
You constrict the orc wizard.
The orc wizard mumbles some strange words.
The orc wizard flickers and vanishes!
Deactivating autopickup; reactivate with Ctrl-A.
You block the orc's attack.
You barely miss the orc. You grab the orc. You constrict the orc.
You constrict something. The orc closely misses you. Something hits you.
You block the orc's attack. You block something's attack.
You hit the orc.
The orc is heavily wounded.
You constrict the orc.
You kill the orc!
You constrict something. Something hits you.
The orc hits you with a +1 hand axe of electrocution.
Something hits you.
You are too injured to fight recklessly!
You release your grip on something.
You hit the orc. You grab the orc. You squeeze the orc.
You kill the orc!
Something hits you.
You miss something. Something hits you. x2
You hit something but do no damage. Something hits you.
* * * LOW HITPOINT WARNING * * *
You hear some strange, mumbled words.
A magic dart appears from out of thin air!
The magic dart hits you!
You die...

.##
###.)........
...... ..#
#....##.......
......
#.##..###
#.......
......##.#..
#.......
.......#.#>#
##......
.......#.#.##
#......
.......#....##
#.####.
......)#)##..#
#.# ##
......g{@###.#
#.# #
......#### #.#
#.# # .....
#.### #.# #
#### #...# #.#
# ###.####.# #
#...##.# #
###.##.# #
#....# #
.####.### #


You could see a goblin.

Vanquished Creatures
  2 adders
  2 worms
  4 dart slugs
  3 orcs (D:3)
  5 bats
  3 endoplasms
  2 giant cockroaches (D:1)
  3 goblins
  3 hobgoblins
  3 kobolds
  4 quokkas
  6 ball pythons
  3 frilled lizards (D:1)
  4 rats
47 creatures vanquished.

Notes
Turn   | Place    | Note
-------+----------+-------------------------------------------
     0 | D:1      | retardedninja the Octopode Brigand began the quest for the
                  | Orb.
     0 | D:1      | Reached XP level 1. HP: 14/14 MP: 1/1
    87 | D:1      | Found Fechos's Antique Weapon Boutique.
   298 | D:1      | Reached XP level 2. HP: 17/19 MP: 2/2
   383 | D:1      | Found Puithrug's Antique Armour Emporium.
   538 | D:1      | Found Qyve's General Store.
   545 | D:1      | Reached XP level 3. HP: 17/24 MP: 3/3
   869 | D:1      | Found Vanlotur's Assorted Antiques.
  1069 | D:2      | Found a radiant altar of Vehumet.
  1489 | D:2      | Reached XP level 4. HP: 30/30 MP: 4/4
  1889 | D:3      | Killed from afar by an orc wizard

Illustrated notes

Levels and vault maps discovered:
D:1:      elethiomel_arrival_maze, layout_rooms, serial_shops, shop, shop,
          nicolae_lakefront_shop, shop
D:2:      layout_loops_ring, basic_altar
D:3:      layout_rooms, hangedman_decor_clover_reticule

Action                     |  1- 3 |  4- 6 || total
---------------------------+-------+-------++-------
  Melee: Dagger            |    34 |       ||    34
         Constrict         |    19 |     6 ||    25
         Tentacles         |     9 |     4 ||    13
         Punch             |     1 |       ||     1
         Flail             |    26 |    20 ||    46
  Throw: Dart              |    20 |       ||    20
   Stab: Sleeping          |    12 |     3 ||    15
 Armour: Skin              |     9 |       ||     9
  Dodge: Dodged            |    16 |     6 ||    22
  Block: Tower shield      |    22 |     9 ||    31

Table legend: (Time is in decaauts)
 A = Elapsed time spent in this place.
 B = Non-inter-level travel time spent in this place.
 C = Inter-level travel time spent in this place.
 D = Time resting spent in this place.
 E = Time spent auto-exploring this place.
 F = Levels seen in this place.
 G = Mean time per level.
                   A        B        C        D        E       F      G
               +--------+--------+--------+--------+--------+-----+--------+
         Total |   1930 |   1904 |     26 |    436 |   1066 |   3 |  643.3 |
       Dungeon |   1930 |   1904 |     26 |    436 |   1066 |   3 |  643.3 |
               +--------+--------+--------+--------+--------+-----+--------+

Top non-repeatable levels by time:
     D:1: 985 daAuts
     D:2: 667 daAuts
     D:3: 278 daAuts
